← All builds
Tech / Armada / Economy first / OBSERVED BUILD

Standard tech

Armada Tech (Eco) build order · Supreme Isthmus

Rushes T2 by 4:15, gets Advanced Metal Extractor around 5:28, hands off T2 constructors to Geo and the team, then scales eco and supplies the team's T2 needs through the rest of the game.

Usually first T2 con to Geo (83%)

#eco #t2 #team support · 1579 distinct matches · 255 players · 58% of Armada Tech games · team won 53% of 1874 · Recently observed

HOW TO PLAY IT

Key timing: T2 factory by 4:15

  1. Open 3 mex and heavy wind to fund a fast T2 rush.
  2. Put down Bot Lab, planning to eat it for reclaim soon after.
  3. Get Advanced Bot Lab up, hitting the T2 factory rush timing.
  4. Upgrade mex to Advanced Metal Extractor to lock in team metal income.
  5. Eat Advanced Bot Lab and keep sending cons to Geo and Pond.

Phase by phase

TYPICAL OF ITS 1579 GAMES
  1. 1
  2. 2
  3. 3
  4. 4
PLAY THE OPENING

Follow the example game's first 6:00 step by step: what to build now, what comes next, and where it goes. At 1× it keeps pace with your own game.

  1. 1

    Up to the Bot Lab

    Economy
    • Metal Extractor3Mex
    • Wind Turbine4Wind
    Order
    1. Bot LabBot Lab after 3 mex, 4 winddone ~1:18, middle half 1:13–1:32

    Some games also: energy storage (31%)

    By 1:01 in all: 3 mex · 4 wind

    The example game in this phase · 3 steps
    1. Mex ×3
    2. Wind ×2
    3. Bot LabBot Labdone 1:04 · typical 1:18
  2. 2

    Bot Lab to Advanced Bot Lab

    Economy
    • Metal Extractor1Mex
    • Wind Turbine8Wind
    • Energy Storage1Energy storage
    Order
    1. Advanced Bot LabAdvanced Bot Lab after 4 mex, 12 wind, 3 con turretdone ~4:16, middle half 4:04–4:30
    Builders
    • Construction Turret3 Con turret
    • Lazarus3 Lazarus
    • Construction Bot2 Con bot
    • Construction Bot1 Con bot for allies

    Some games also: converter (36%)

    By 3:18 in all: 4 mex · 12 wind · 1 energy storage · 3 con turret

    The example game in this phase · 19 steps
    1. LazarusLazarus
    2. Wind
    3. Construction BotCon bot
    4. Wind ×2
    5. Energy storage
    6. LazarusLazarus
    7. Con turret
    8. Wind
    9. Construction BotCon botfor Air
    10. Wind
    11. Mex
    12. Wind
    13. LazarusLazarus
    14. Wind
    15. Con turret
    16. Wind ×2
    17. LazarusLazarus
    18. Converter
    19. Advanced Bot LabAdvanced Bot Labdone 3:55 · typical 4:16
  3. 3

    Advanced Bot Lab to 5:00

    Economy
    • Wind Turbine3Wind
    Order
    1. Bot LabEat Bot Lab
    Builders
    • Advanced Construction Bot1 T2 con bot for allies

    Some games also: converter (35%)

    By 5:00 in all: 4 mex · 15 wind · 1 converter · 1 energy storage · 3 con turret

    The example game in this phase · 5 steps
    1. Converter
    2. Bot LabEat Bot Labreclaimed for its metal
    3. Advanced Construction BotT2 con botfor Geo
    4. Advanced Metal ExtractorT2 mex ×2done 4:54 · typical 5:29
    5. Advanced Construction BotT2 con botfor Air
  4. 4

    5:00 to 10:00

    Economy
    • Wind Turbine43Wind
    • Energy Converter6Converter
    Builders
    • Butler9 Butler
    • Advanced Construction Bot4 T2 con bot for allies
    • Advanced Construction Bot1 T2 con bot

    Some games also: con turret (43%) · Butler for allies (36%)

    By 10:00 in all: 4 mex · 58 wind · 8 converter · 1 energy storage · 3 con turret

    The example game in this phase · 203 steps
    1. Advanced Metal ExtractorT2 mex
    2. Advanced Construction BotT2 con botfor Geo sea
    3. ButlerButler ×2
    4. Advanced Metal ExtractorT2 mex
    5. ButlerButler ×2
    6. Wind
    7. Advanced Construction BotT2 con botfor Pond
    8. Wind ×4
    9. Advanced Construction BotT2 con botfor Suicide front
    10. Wind ×3
    11. Advanced Construction BotT2 con botfor Beach sea
    12. Wind ×4
    13. Advanced Construction BotT2 con botfor Front
    14. Wind ×8
    15. ButlerButler ×2
    16. Wind ×2
    17. ButlerButler
    18. Wind ×3
    19. ButlerButler
    20. Wind ×2
    21. ButlerButler
    22. Wind ×4
    23. ButlerButler
    24. Wind ×3
    25. ButlerButler
    26. Wind ×4
    27. ButlerButler
    28. Wind ×4
    29. ButlerButler
    30. Wind ×4
    31. ButlerButler
    32. Wind ×4
    33. ButlerButler
    34. Converter
    35. Wind ×9
    36. Converter
    37. Wind ×6
    38. Converter
    39. Wind ×3
    40. Converter
    41. Wind ×7
    42. Converter
    43. Con turret
    44. Converter
    45. Wind ×5
    46. PlatypusPlatypus
    47. Wind ×2
    48. Converter
    49. Wind ×3
    50. Converter
    51. Con turret
    52. Wind ×4
    53. PlatypusPlatypus
    54. Converter
    55. Wind ×3
    56. Converter
    57. Wind ×2
    58. PlatypusPlatypus
    59. Wind ×2
    60. Converter
    61. Wind ×2
    62. PlatypusPlatypus
    63. Wind
    64. Converter
    65. Wind ×3
    66. PlatypusPlatypus
    67. Wind
    68. Converter
    69. Wind ×4
    70. Converter
    71. PlatypusPlatypus
    72. Wind ×4
    73. PlatypusPlatypus
    74. Wind ×2
    75. Converter
    76. Wind
    77. Converter
    78. Wind ×7
    79. PlatypusPlatypus
    80. Wind
    81. Converter
    82. Wind
    83. Converter
    84. Wind ×5
    85. PlatypusPlatypus
    86. Converter
    87. Wind ×4
    88. Converter
    89. Wind ×5
    90. Converter
    91. PlatypusPlatypus
    92. Wind
    93. Converter
    94. Wind ×5
    95. PlatypusPlatypus
    96. Wind ×2
    97. Converter
    98. Wind ×2
    99. Converter
    100. Wind ×4
    101. PlatypusPlatypus
    102. Converter
    103. Wind ×5
    104. Converter
    105. PlatypusPlatypus
    106. Wind ×5
    107. Converter
    108. PlatypusPlatypus
    109. Wind ×2
    110. Converter
    111. Wind ×4
    112. PlatypusPlatypus
    113. Converter
    114. Wind ×4
    115. Converter
    116. Wind
    117. PlatypusPlatypus
    118. Wind ×4
    119. Converter
    120. Wind ×3
    121. PlatypusPlatypus
    122. Converter
    123. Wind ×5
    124. PlatypusPlatypus
    125. Converter ×2
    126. Wind ×4
    127. PlatypusPlatypus
    128. Wind ×2
    129. Converter ×2
    130. Wind ×3
    131. PlatypusPlatypus
    132. Wind ×2
    133. Converter
    134. Wind ×3
    135. Converter
    136. Wind
    137. Advanced Construction BotT2 con bot
    138. Wind ×2
    139. Converter
    140. Wind ×4
    141. Converter
    142. Wind ×3
    143. Advanced Construction BotT2 con bot
    144. Wind ×2
    145. Converter
    146. Wind ×3
    147. CitadelAnti-nukedone 14:14
    148. Wind
    149. Converter
    150. Wind ×4
    151. Converter
    152. Wind ×3
    153. Converter
    154. Wind ×4
    155. Converter
    156. Wind ×5
    157. Converter
    158. Wind ×4
    159. Converter
    160. Wind ×6
    161. Converter
    162. Wind
    163. Converter
    164. Wind ×8
    165. Converter
    166. Wind
    167. Converter
    168. Wind ×6
    169. Converter
    170. Wind ×3
    171. Converter
    172. Wind
    173. Metal storage
    174. Wind ×4
    175. Converter
    176. Wind
    177. Con turret
    178. Wind ×4
    179. Converter
    180. Wind
    181. Con turret
    182. Wind ×3
    183. Converter
    184. Wind
    185. Con turret
    186. Wind ×4
    187. Con turret
    188. Converter
    189. Wind ×5
    190. Converter
    191. Con turret
    192. Wind
    193. Con turret
    194. Wind ×2
    195. Converter
    196. Wind ×2
    197. Con turret
    198. Wind
    199. Converter
    200. Wind ×2
    201. Con turret
    202. Wind ×2
    203. Converter

Counts are medians over the build's games: half of them build more, half fewer. The example game is CookieTwoStep's (30 OS, 25/09/2026); pick another.

Team trades

IN AT LEAST 30% OF ITS GAMES

You hand over

  • Construction Bot1 Con bot to Airfirst at 2:23 · in 84% of games
  • Advanced Construction Bot5 T2 con bot to Air or Geo sea or Pondfirst at 4:50 · in 99% of games
  • Butler2 Butler to Geo sea or Beach sea or Pondfirst at 9:07 · in 42% of games

You get

  • Hercules1 Light transport from Airfirst at 4:01 · in 86% of games

How it plays out

Typical game of this build, running totals by minute

Metal produced

020k40k
0:005:0010:0015:00

metal

Enemy metal destroyed

050100
0:005:0010:0015:00

metal

Own metal lost

050100150
0:005:0010:0015:00

metal

1874 games.

Show as table
ByMetal produced: This buildEnemy metal destroyed: This buildOwn metal lost: This build
1:0038300
2:0091500
3:00165100
4:00314400
5:00484700
6:00580000
7:00722700
8:00906100
9:001117300
10:001350300
11:001624200
12:001965600
13:002344500
14:0027362073
15:003154285130
WHAT THE NUMBERS SAY

Standard Tech play barely fights at all early, instead pouring metal into T2 infrastructure and constructors for the team.

  • + Metal produced hits 31679 by 15:00, by far the highest of any role here.
  • + T2 factory reached in 97% of games by 4:15, fastest and most reliable T2 timing.
  • − Enemy metal destroyed stays at 0 through 10:00, no early offense at all.
  • − Own metal lost also near 0, showing total avoidance of combat risk.
THE EXAMPLE YOU ARE READING

CookieTwoStep

30.0 OS · 25/09/2026

Open source match ↗

1 received units
1786 metal received · 70298 energy received

Allied construction assistance is unknown. Timings are observations, not a promise of solo reproducibility.

Typical milestones

Bot Lab1:18Middle 50%: 1:13–1:32 · n=1874
Advanced Bot Lab4:16Middle 50%: 4:04–4:30 · n=1867
Advanced Metal Extractor5:29Middle 50%: 5:05–5:59 · n=1870

Played most by

Amrissa93games of this buildTheGeneraI66games of this buildAdeus57games of this buildEl_Turco56games of this buildKOT_43games of this build
Standard tech · Armada Tech (Eco) build order · BAR Build Atlas